 Dungeon Crawl Stone Soup version 0.31.0-12-g77e489cdc1 (webtiles) character file.

Game seed: 3323807211035909548

299 sking99 the Grave Robber (level 6, 0/44 HPs)
             Began as a Gnoll Necromancer on Feb 26, 2024.
             Slain by a cerulean imp
             ... wielding a +1 spear
             ... summoned by Natasha
              (4 damage)
             ... on level 3 of the Dungeon.
             The game lasted 00:07:10 (2974 turns).

sking99 the Grave Robber (Gnoll Necromancer)        Turns: 2974, Time: 00:07:11

Health: 0/44       AC:  3    Str:  9    XL:     6   Next: 36%
Magic:  11/14      EV: 13    Int: 14    God:
Gold:   211        SH:  0    Dex: 13    Spells: 6/15 levels left

rFire   . . .        i - +3 whip (drain)
rCold   . . .        (no shield)
rNeg    . . .        a - +0 robe
rPois   .            (no helmet)
rElec   .            k - +0 cloak
rCorr   .            (no gloves)
SInv    .            (no boots)
Will    .....        (no amulet)
Stlth   +++          (no ring)
HPRegen 0.27/turn    (no ring)
MPRegen 0.14/turn

%: no passive effects
@: animating dead
A: fangs 1, strong nose, distributed training
a: no special abilities


You were on level 3 of the Dungeon.
You visited 1 branch of the dungeon, and saw 3 of its levels.

You collected 211 gold pieces.

Inventory:

Hand Weapons
 d - a +0 dagger
 i - a +3 whip of draining (weapon)
Missiles
 g - a throwing net
Armour
 a - a +0 robe (worn)
 k - a +0 cloak (worn)
Scrolls
 c - 2 scrolls of enchant weapon {unknown}
 e - 3 scrolls of identify {unknown}
 f - a scroll of fog {unknown}
 h - 2 scrolls of acquirement {unknown}
 l - 2 scrolls of noise {unknown}
Potions
 b - a potion of magic
 j - a potion of curing {unknown}
 m - 2 potions of cancellation {unknown}


   Skills:
 + Level 2.0 Fighting
 + Level 2.0 Short Blades
 + Level 2.0 Long Blades
 + Level 2.0 Axes
 + Level 2.0 Maces & Flails
 + Level 2.0 Polearms
 + Level 2.0 Staves
 + Level 2.0 Ranged Weapons
 + Level 2.0 Throwing
 + Level 2.0 Armour
 + Level 5.0 Dodging
 + Level 4.6 Stealth
 + Level 2.0 Shields
 + Level 2.0 Unarmed Combat
 + Level 5.4 Spellcasting
 + Level 1.6 Conjurations
 + Level 1.6 Hexes
 + Level 1.6 Summonings
 + Level 7.3 Necromancy
 + Level 1.6 Translocations
 + Level 1.6 Fire Magic
 + Level 1.6 Ice Magic
 + Level 1.6 Air Magic
 + Level 1.6 Earth Magic
 + Level 1.6 Alchemy
 + Level 2.2 Invocations
 + Level 2.0 Evocations
 + Level 1.8 Shapeshifting


You had 6 spell levels left.
You knew the following spells:

 Your Spells              Type           Power      Damage    Failure   Level
a - Necrotise             Necr           96%        1d8       1%          1
b - Animate Dead          Necr           24%        N/A       9%          4
c - Vampiric Draining     Necr           24%        2d7       2%          3
d - Foxfire               Conj/Fire      32%        2x1d5     9%          1

Your spell library contained the following spells:

 Spells                   Type           Power      Damage    Failure   Level
 Curse of Agony           Necr           24%        N/A       22%         5
 Inner Flame              Hex/Fire       8%         N/A       26%         3
 Volatile Blastmotes      Fire/Tloc      16%        2d11      26%         3
 Flame Wave               Conj/Fire      8%         2d5       65%         4
 Fulminant Prism          Conj/Alch      4%         3d5       65%         4
 Iskenderun's Mystic Bla  Conj/Tloc      8%         2d4       65%         4
 Sticky Flame             Fire/Alch      8%         2d4       65%         4
 Plasma Beam              Fire/Air       4%         2x1d14    100%        6
 Starburst                Conj/Fire      4%         6d3       100%        6


Dungeon Overview and Level Annotations

Branches:
Dungeon (3/15)

Altars:
Qazlal
The Shining One

Annotations:
D:3 Natasha


Innate Abilities, Weirdness & Mutations

You have very sharp teeth.
Your uncanny sense of smell can sniff out nearby items.
Your experience applies equally to all skills.


Message History

There is a stone staircase leading down here.
Natasha, Servant of Life and Death comes into view.
Natasha is nearby!
Natasha mumbles some strange words.
Casting: Necrotise (safe; 1% risk of failure)
Confirm with . or Enter, or press ? or * to list all spells.
You dismiss your zombies and call upon the dead to rise afresh.
You hear a shout!
Your orc zombie crumbles into dust!
A goblin comes into view. It is wielding a +0 dagger.
You closely miss Natasha. The goblin hits you with a +0 dagger.
Natasha claws you! The cerulean imp closely misses you.
You barely miss the goblin. The goblin hits you but does no damage.
Natasha claws you! The cerulean imp barely misses you.
You barely miss the goblin. The goblin hits you with a +0 dagger.
Natasha closely misses you.
The cerulean imp hits you but does no damage.
You hit the goblin. You bite the goblin.
The goblin is severely wounded.
The goblin misses you. Natasha claws you. The cerulean imp barely misses you.
You whack the goblin!
You kill the goblin!
The dead are walking!
Natasha claws you.
The cerulean imp hits you from afar with a +1 spear.
* * * LOW HITPOINT WARNING * * *
You closely miss Natasha. Natasha completely misses you.
The cerulean imp closely misses you.
Unknown command.
You hit Natasha. You drain Natasha. You bite Natasha, but do no damage.
Natasha is severely wounded.
Natasha claws you.
* * * LOW HITPOINT WARNING * * *
Your goblin zombie closely misses the cerulean imp.
The cerulean imp hits you but does no damage.
You hit Natasha. You drain Natasha. Your bite misses Natasha.
Natasha is almost dead.
Natasha closely misses you.
Your goblin zombie misses the cerulean imp.
The cerulean imp hits you from afar with a +1 spear.
You die...

#.#####.......#
#.......#.###.#
#..####.#...#.#
#..####.#.#.#.####
..).............>#
#.###.#)#.#.####.#######
#.###.#.#.#.#...........
#.....#.#.#.#.##.#######
#######.#.#.# #.@.......
........#.#.# #hZ##..###
####......#.# #.5. ....
.....######.# ##.## ###
.....#......# ...
.....#.#########.#
.....#.# #...# .....#.#
#.#.# .....#.# #.#.# #


You could see Natasha (very drained), a cerulean imp (summoned, ally target) and
a friendly goblin zombie.

Vanquished Creatures
  A sky beast (D:3)
  A bombardier beetle (D:2)
  Natasha (D:3)
  Robin (D:2)
  4 adders
  2 ribbon worms
  6 orcs (D:3)
  6 ball pythons
  4 bats
  6 endoplasms
  2 giant cockroaches
  14 goblins
  9 hobgoblins
  2 jackals (D:1)
  5 kobolds
  4 quokkas
  4 frilled lizards
  8 rats
80 creatures vanquished.

Vanquished Creatures (collateral kills)
  An endoplasm (D:1)
  A frilled lizard (D:2)
  2 goblins (D:2)
  A kobold (D:1)
5 creatures vanquished.

Vanquished Creatures (others)
  2 orc zombies (D:3)
  6 foxfires (D:2)
8 creatures vanquished.

Grand Total: 93 creatures vanquished

Notes
Turn   | Place    | Note
-------+----------+-------------------------------------------
     0 | D:1      | sking99 the Gnoll Necromancer began the quest for the Orb.
     0 | D:1      | Reached XP level 1. HP: 13/13 MP: 6/6
   159 | D:1      | Reached XP level 2. HP: 19/19 MP: 4/7
   521 | D:1      | Reached skill level 5 in Spellcasting
   521 | D:1      | Reached XP level 3. HP: 25/25 MP: 2/9
   756 | D:1      | Reached skill level 1 in Invocations
  1171 | D:2      | Reached skill level 1 in Fighting
  1171 | D:2      | Reached skill level 1 in Short Blades
  1171 | D:2      | Reached skill level 1 in Long Blades
  1171 | D:2      | Reached skill level 1 in Axes
  1171 | D:2      | Reached skill level 1 in Maces & Flails
  1171 | D:2      | Reached skill level 1 in Polearms
  1171 | D:2      | Reached skill level 1 in Staves
  1171 | D:2      | Reached skill level 1 in Ranged Weapons
  1171 | D:2      | Reached skill level 1 in Throwing
  1171 | D:2      | Reached skill level 1 in Armour
  1171 | D:2      | Reached skill level 1 in Shields
  1171 | D:2      | Reached skill level 1 in Unarmed Combat
  1171 | D:2      | Reached skill level 1 in Evocations
  1300 | D:2      | Reached skill level 1 in Shapeshifting
  1300 | D:2      | Reached XP level 4. HP: 32/32 MP: 3/11
  1302 | D:2      | Reached skill level 1 in Conjurations
  1302 | D:2      | Reached skill level 1 in Hexes
  1302 | D:2      | Reached skill level 1 in Summonings
  1302 | D:2      | Reached skill level 1 in Translocations
  1302 | D:2      | Reached skill level 1 in Fire Magic
  1302 | D:2      | Reached skill level 1 in Ice Magic
  1302 | D:2      | Reached skill level 1 in Air Magic
  1302 | D:2      | Reached skill level 1 in Earth Magic
  1302 | D:2      | Reached skill level 1 in Alchemy
  1320 | D:2      | Noticed Robin
  1427 | D:2      | Killed Robin
  1428 | D:2      | Reached XP level 5. HP: 33/37 MP: 5/12
  1613 | D:2      | Learned a level 4 spell: Animate Dead
  1692 | D:2      | Learned a level 3 spell: Vampiric Draining
  1733 | D:2      | Learned a level 1 spell: Foxfire
  2283 | D:3      | Found a glowing golden altar of the Shining One.
  2607 | D:3      | Found a stormy altar of Qazlal.
  2607 | D:3      | Noticed a sky beast
  2617 | D:3      | Killed a sky beast
  2618 | D:3      | Reached skill level 5 in Dodging
  2618 | D:3      | Reached XP level 6. HP: 13/44 MP: 2/14
  2734 | D:3      | Noticed Natasha
  2749 | D:3      | Killed Natasha
  2962 | D:3      | Noticed Natasha
  2974 | D:3      | Slain by a cerulean imp

Illustrated notes

Levels and vault maps discovered:
D:1:      minmay_arrival_radiant_lines, layout_loops_ring
D:2:      kennysheep_the_goblin_king, layout_loops_ring, uniq_robin
D:3:      layout_basic, tso_altar, kennysheep_okawaru_gauntlet,
          nicolae_qazlal_beasts_of_the_sky, uniq_natasha

Skill      XL: |  1  2  3  4  5  6 |
---------------+-------------------+-----
Spellcasting   | 5 |  5.4
Invocations    | 1 2 |  2.2
Fighting       | 1 2 |  2.0
Short Blades   | 1 2 |  2.0
Long Blades    | 1 2 |  2.0
Axes           | 1 2 |  2.0
Maces & Flails | 1 2 |  2.0
Polearms       | 1 2 |  2.0
Staves         | 1 2 |  2.0
Ranged Weapons | 1 2 |  2.0
Throwing       | 1 2 |  2.0
Armour         | 1 2 |  2.0
Shields        | 1 2 |  2.0
Unarmed Combat | 1 2 |  2.0
Evocations     | 1 2 |  2.0
Shapeshifting  | 1 |  1.8
Conjurations   | 1 |  1.6
Hexes          | 1 |  1.6
Summonings     | 1 |  1.6
Translocations | 1 |  1.6
Fire Magic     | 1 |  1.6
Ice Magic      | 1 |  1.6
Air Magic      | 1 |  1.6
Earth Magic    | 1 |  1.6
Alchemy        | 1 |  1.6
Dodging        | 5 |  5.0
Stealth        | |  4.6
Necromancy     | |  7.3

Action                     |  1- 3 |  4- 6 || total
---------------------------+-------+-------++-------
  Melee: Dagger            |       |     2 ||     2
         Whip              |       |    59 ||    59
         Bite              |       |     9 ||     9
   Cast: Necrotise         |    77 |    45 ||   122
         Foxfire           |       |     3 ||     3
         Animate Dead      |       |     3 ||     3
         Vampiric Draining |       |     2 ||     2
   Stab: Sleeping          |       |     1 ||     1
 Armour: Robe              |     7 |    38 ||    45
  Dodge: Dodged            |     4 |    45 ||    49
